 Dungeon Crawl Stone Soup version 0.28-a0-479-g5baa6b73be (webtiles) character file.

Game seed: 17649285293452078249

345 lagrange the Skirmisher (level 6, -1/43 HPs)
             Began as an Octopode Fighter on Sept 17, 2021.
             Was an Initiate of Gozag.
             Slain by Menkaure (13 damage)
             ... on level 4 of the Dungeon.
             The game lasted 00:06:50 (3140 turns).

lagrange the Skirmisher (Octopode Fighter)          Turns: 3140, Time: 00:06:52

Health: -1/43      AC:  1    Str: 15    XL:     6   Next: 58%
Magic:  6/6        EV: 14    Int: 12    God:    Gozag
Gold:   96         SH:  5    Dex: 12    Spells: 5/5 levels left

rFire   . . .      SeeInvis .   a - +0 trident
rCold   . . .      Faith    .   b - +0 buckler
rNeg    . . .      Spirit   .   (helmet restricted)
rPois   .          Reflect  .   (no amulet)
rElec   .          Harm     .   (no ring)
rCorr   .          Rampage  .   (no ring)
Will    .....                   (no ring)
Stlth   +++.......              (no ring)
HPRegen 0.14/turn               (no ring)
MPRegen 0.10/turn               (no ring)
                                (no ring)
                                (no ring)

@: mighty, gold aura
A: almost no armour, amphibious, 8 rings, camouflage 1, gelatinous body 1,
(nimble swimmer 1), tentacles
a: Renounce Religion, Potion Petition, Call Merchant, Bribe Branch


You were on level 4 of the Dungeon.
You worshipped Gozag.
Gozag was noncommittal.
You visited 1 branch of the dungeon, and saw 4 of its levels.

You collected 117 gold pieces.
You paid 21 gold pieces to Gozag.

Inventory:

Hand Weapons
 a - a +0 trident (weapon)
Armour
 b - a +0 buckler (worn)
Wands
 f - a wand of digging (6)
Scrolls
 d - a scroll of blinking {unknown}
 e - a scroll of enchant weapon {unknown}


   Skills:
 + Level 4.2 Fighting
 + Level 3.5 Polearms
 + Level 4.2 Dodging
 + Level 3.3 Stealth
 - Level 4.0 Shields


You had 5 spell levels left.
You didn't know any spells.
Your spell library was empty.

Dungeon Overview and Level Annotations

Branches:
Dungeon (4/15)
 Temple: D:4-7

Altars:
Gozag
The Shining One

Shops:
D:3 (

Annotations:
D:4 Menkaure


Innate Abilities, Weirdness & Mutations

You cannot wear most types of armour.
You are amphibious.
You can wear up to eight rings at the same time.
Your skin changes colour to match your surroundings (Stealth+).
Your rubbery body absorbs attacks. (AC +1, EV +1)
((You are camouflaged near water. (Stealth+)))
You have tentacles for arms and can constrict up to eight enemies at once.


Message History

You kill the orc!
An orc comes into view. It is wielding a +0 short sword.
The orc shouts!
Things that are here:
8 gold pieces; a +0 mace Menkaure, Prince of Dust comes into view.
You block the orc's attack.
You barely miss the orc.
Menkaure shouts!
Your grab misses the orc.
Menkaure wails, "Why can't you leave me to my rest?"
You barely miss the orc. Your grab misses the orc.
The orc hits you with a +0 short sword. The orc misses you.
Menkaure casts a spell.
Menkaure seems to speed up.
You puncture the orc!
You kill the orc!
Menkaure grins.
You hit the orc. You grab the orc.
The orc is lightly wounded.
You constrict the orc. You block the orc's attack.
Menkaure calls on the powers of darkness!
The orc convulses!
Your body is wracked with pain!
You block the orc's attack.
You barely miss the orc.
The orc is moderately wounded.
You constrict the orc.
Menkaure calls on the powers of darkness!
Your body is wracked with pain!
* * * LOW HITPOINT WARNING * * *
The orc misses you.
You feel very mighty all of a sudden.
You constrict the orc.
You kill the orc!
You hit Menkaure. You grab Menkaure.
Menkaure is moderately damaged.
You constrict Menkaure.
Menkaure mumbles drily.
Menkaure hits you!
You die...
Your body crumbles into a pile of gold.

########.#.# .# .
#..........# ###.# ..
#.######.#.###.#.##..
#.# #...$.........
#.# ###.......## $
#.# ####.$.## ##.##
##.## ##...#### #M#
#.#.....# #@#
##.#.##.# #+#
##.###.# #####.#####
#........#
####....###....
............ ..
####....###.. #.#.##


You could see Menkaure (fast).

Vanquished Creatures
  A necrophage (D:4)
  A crimson imp (D:3)
  2 orc wizards (D:3)
  An iguana (D:4)
  A hound zombie (D:3)
  A hound skeleton (D:3)
  3 adders
  An adder zombie (D:3)
  An adder skeleton (D:3)
  2 dart slugs
  11 orcs
  3 bats (D:1)
  4 endoplasms (D:1)
  2 giant cockroaches
  6 goblins
  7 jackals (D:1)
  2 quokkas
  3 ball pythons
  3 frilled lizards (D:1)
  A goblin skeleton (D:3)
  A goblin zombie (D:3)
  A hobgoblin zombie (D:3)
  5 kobolds
  3 kobold skeletons (D:3)
  A kobold zombie (D:3)
  3 orc skeletons (D:3)
  An orc zombie (D:3)
  7 rats
78 creatures vanquished.

Notes
Turn   | Place    | Note
-------+----------+-------------------------------------------
     0 | D:1      | lagrange the Octopode Fighter began the quest for the Orb.
     0 | D:1      | Reached XP level 1. HP: 16/16 MP: 1/1
   152 | D:1      | Reached XP level 2. HP: 21/21 MP: 2/2
   546 | D:1      | Reached XP level 3. HP: 18/26 MP: 3/3
  1354 | D:2      | Found a faded altar of an unknown god.
  1354 | D:2      | Noticed a floating eye
  1358 | D:2      | Noticed an eye of devastation
  1364 | D:2      | Noticed a golden eye
  1370 | D:2      | Noticed an eye of devastation
  1936 | D:3      | Found Pewir's Antique Weapon Boutique.
  1971 | D:3      | Reached XP level 4. HP: 27/31 MP: 4/4
  1976 | D:3      | Found a glowing golden altar of the Shining One.
  1984 | D:3      | Reached skill level 1 in Stealth
  2024 | D:3      | Reached XP level 5. HP: 20/37 MP: 5/5
  2822 | D:3      | Found an opulent altar of Gozag.
  2828 | D:3      | Became a worshipper of Gozag Ym Sagoz the Greedy
  3000 | D:4      | Noticed a necrophage
  3010 | D:4      | Killed a necrophage
  3011 | D:4      | Reached XP level 6. HP: 42/43 MP: 6/6
  3129 | D:4      | Noticed Menkaure
  3140 | D:4      | Slain by Menkaure

Illustrated notes

Levels and vault maps discovered:
D:1:      lemuel_arrival_tunnels, layout_basic, serial_park_tiny_2
D:2:      layout_loops_ring, hellmonk_ecumenical_altar_watching_god
D:3:      layout_loops_cross, marbit_many_paths, nicolae_tso_besieged_by_evil,
          serial_undead, serial_undead_f, serial_undead_c, serial_undead_c,
          serial_undead_d, serial_shops, shop
D:4:      layout_loops_corners, biasface_ghost_orc_armoury, serial_shops,
          nicolae_shop_behind_doors, grunt_decor_mini_mirrors, lightli_minifort,
          uniq_duvessa, uniq_menkaure

Skill      XL: |  1  2  3  4  5 |
---------------+----------------+-----
Stealth        | 1 3 |  3.3
Polearms       | 3 |  3.5
Fighting       | 4 |  4.2
Shields        | 4 |  4.0
Dodging        | 4 |  4.2

Action                   |  1- 3 |  4- 6 || total
-------------------------+-------+-------++-------
Melee: Trident           |    84 |    77 ||   161
       Constrict         |    22 |    24 ||    46
       Tentacles         |    10 |    15 ||    25
  Use: Potion            |       |     1 ||     1
 Stab: Sleeping          |     3 |     6 ||     9
Armor: Skin              |    10 |       ||    10
Dodge: Dodged            |    62 |    39 ||   101
Block: Buckler           |    18 |    22 ||    40

Table legend: (Time is in decaauts)
 A = Elapsed time spent in this place.
 B = Non-inter-level travel time spent in this place.
 C = Inter-level travel time spent in this place.
 D = Time resting spent in this place.
 E = Time spent auto-exploring this place.
 F = Levels seen in this place.
 G = Mean time per level.
                   A        B        C        D        E       F      G
               +--------+--------+--------+--------+--------+-----+--------+
         Total |   3167 |   3099 |     68 |    412 |   2046 |   4 |  791.8 |
       Dungeon |   3167 |   3099 |     68 |    412 |   2046 |   4 |  791.8 |
               +--------+--------+--------+--------+--------+-----+--------+

Top non-repeatable levels by time:
     D:3: 1165 daAuts
     D:1: 1031 daAuts
     D:2: 828 daAuts
     D:4: 141 daAuts
